 Dungeon Crawl Stone Soup version 0.26.0-10-g1f06aea511 (webtiles) character file.

Game seed: 4942219408342766679

2649 Borgoz the Slasher (level 9, -1/75 HPs)
             Began as a Ghoul Gladiator on Jan 18, 2021.
             Was a Follower of Okawaru.
             Slain by a manticore (2 damage)
             ... on level 7 of the Dungeon.
             The game lasted 00:05:38 (5797 turns).

Borgoz the Slasher (Ghoul Gladiator)                Turns: 5797, Time: 00:05:38

Health: -1/75      AC: 12    Str: 18    XL:     9   Next: 62%
Magic:  9/9        EV: 13    Int:  3    God:    Okawaru [*.....]
Gold:   414        SH:  0    Dex: 13    Spells: 8/8 levels left

rFire    . . .     SeeInvis .   a - +4 long sword
rCold    + . .     Faith    .   (no shield)
rNeg     + + +     Spirit   .   i - +0 ring mail
rPois    ∞         Reflect  .   c - +0 helmet
rElec    .         Harm     .   f - +0 cloak
rCorr    +         Rampage  .   e - +0 pair of gloves
Will     .....                  j - +1 pair of boots
Stlth    +.........             (no amulet)
HPRegen  0.00/turn              p - ring of resist corrosion
MPRegen  0.11/turn              (no ring)

@: brilliant, about to teleport, barbed spikes, very slightly contaminated,
hasted, invisible, very quick
A: claws 1, cold resistance 1, negative energy resistance 3, inhibited
regeneration, torment resistance, unbreathing
a: Renounce Religion, Heroism


You were on level 7 of the Dungeon.
You worshipped Okawaru.
Okawaru was aware of your devotion.
You visited 2 branches of the dungeon, and saw 8 of its levels.

You collected 414 gold pieces.

Inventory:

Hand Weapons
 a - a +4 long sword (weapon)
Missiles
 d - 3 throwing nets (quivered)
Armour
 c - a +0 helmet (worn)
 e - a +0 pair of gloves (worn)
 f - a +0 cloak (worn)
 i - a +0 ring mail (worn)
 j - a +1 pair of boots (worn)
Jewellery
 p - a ring of resist corrosion (left hand)
Wands
 q - a wand of digging (1)
Scrolls
 l - 2 scrolls of teleportation
 m - a scroll of enchant armour
 n - 2 scrolls of blinking
 s - a scroll of remove curse
Potions
 k - a potion of flight


   Skills:
 + Level 6.0 Fighting
 * Level 7.2 Long Blades
 - Level 1.7 Throwing
 * Level 6.5 Armour
 + Level 5.4 Dodging
 + Level 2.1 Invocations


You had 8 spell levels left.
You didn't know any spells.
Your spell library was empty.

Dungeon Overview and Level Annotations

Branches:
Dungeon (7/15)             Temple (1/1) D:7

Altars:
Ashenzari
Cheibriados
Dithmenos
Elyvilon
Fedhas
Gozag
Hepliaklqana
Kikubaaqudgha
Nemelex Xobeh
Okawaru
Qazlal
Ru
Sif Muna
Trog
Uskayaw
Vehumet
Wu Jian
Xom
Yredelemnul
The Shining One

Annotations:
D:3 1 runed translucent door, kthxbai's ghost, amateur FoAM


Innate Abilities, Weirdness & Mutations

You thrive by killing the living.
You are immune to poison.
You have sharp fingernails.
Your flesh is cold resistant. (rC+)
You are immune to negative energy. (rN+++)
You do not regenerate when monsters are visible.
You are immune to unholy pain and torment.
You can survive without breathing.


Message History

You feel strangely unstable.
The manticore flicks its tail.
The volley of spikes hits the four-headed hydra!
You slash the manticore!
The manticore is moderately wounded.
The manticore closely misses you. The manticore misses you. x2
You barely miss the manticore.
The manticore is moderately wounded.
The manticore bites you but does no damage.
The manticore claws you!
* * * LOW HITPOINT WARNING * * *
The manticore closely misses you.
You slash the manticore!
The manticore is heavily wounded.
You slash the manticore!
The manticore is severely wounded.
The manticore barely misses you. The manticore claws you.
* * * LOW HITPOINT WARNING * * *
The manticore claws you.
You die...

### ## #.. .. #### ..###.
#..# #...# #.## #.HD# #..
#.# #..@# #.# #.# ####.##
#.# #.# #.##..# #.#
#.###.###.###+## #.#
#.........##...## ###.#
#####.#####.....## ##...#
#.....).#.......###⌠.⌠.##
##....##..........#.._...#
##.................'.⌠.⌠...


You could see a four-headed hydra (skewered) and a manticore.

Vanquished Creatures
  An unseen horror (D:7)
  A manticore (D:7)
  A water moccasin (D:6)
  An ice beast (D:6)
  2 black bears (D:6)
  3 necrophages
  An ogre (D:7)
  A centaur (D:6)
  6 bullfrogs
  A scorpion (D:6)
  4 wights (D:5)
  4 hounds
  A bullfrog skeleton (D:7)
  2 orc wizards
  2 centaur skeletons
  An iguana (D:7)
  4 worker ants
  A worker ant zombie (D:7)
  7 adders
  A shadow imp (D:4)
  An ooze (D:2)
  2 dart slugs
  9 leopard geckos
  8 orcs
  A ball python (D:3)
  2 giant cockroaches
  6 hobgoblins
  14 jackals
  12 kobolds
  4 quokkas
  7 bats
  7 frilled lizards
  9 goblins
  A quokka skeleton (D:5)
  6 rats
134 creatures vanquished.

Vanquished Creatures (others)
  5 plants (D:1)
5 creatures vanquished.

Grand Total: 139 creatures vanquished

Notes
Turn   | Place    | Note
-------+----------+-------------------------------------------
     0 | D:1      | Borgoz the Ghoul Gladiator began the quest for the Orb.
     0 | D:1      | Reached XP level 1. HP: 17/17 MP: 0/0
   173 | D:1      | Reached XP level 2. HP: 25/25 MP: 1/1
   467 | D:1      | Reached skill level 3 in Long Blades
   496 | D:1      | Reached skill level 1 in Armour
  1000 | D:2      | Reached XP level 3. HP: 30/30 MP: 2/2
  1467 | D:2      | Reached XP level 4. HP: 37/37 MP: 3/3
  1984 | D:2      | Found a stormy altar of Qazlal.
  1985 | D:2      | Noticed a fire elemental
  1986 | D:2      | Noticed an earth elemental
  1987 | D:2      | Noticed a water elemental
  1987 | D:2      | Noticed an air elemental
  2142 | D:3      | Reached XP level 5. HP: 38/45 MP: 4/4
  2310 | D:3      | Found a sacrificial altar of Ru.
  2421 | D:3      | Found a runed translucent door.
  2421 | D:3      | Noticed kthxbai's ghost (amateur FoAM)
  2823 | D:4      | Reached skill level 4 in Long Blades
  2832 | D:4      | Reached XP level 6. HP: 48/51 MP: 5/5
  3102 | D:4      | Found an ornate altar of the Wu Jian Council.
  3114 | D:4      | Found a basalt altar of Yredelemnul.
  3168 | D:5      | Entered Level 5 of the Dungeon
  3200 | D:5      | Found a white marble altar of Elyvilon.
  3259 | D:5      | Reached XP level 7. HP: 58/58 MP: 6/6
  3510 | D:5      | Reached skill level 5 in Long Blades
  4076 | D:6      | Reached XP level 8. HP: 61/67 MP: 7/7
  4112 | D:6      | Reached skill level 5 in Armour
  4120 | D:6      | Reached skill level 5 in Fighting
  4120 | D:6      | Reached skill level 6 in Long Blades
  4695 | D:6      | Reached XP level 9. HP: 74/74 MP: 8/8
  4856 | D:7      | Found a staircase to the Ecumenical Temple.
  4865 | D:7      | Reached skill level 5 in Dodging
  4880 | Temple   | Entered the Ecumenical Temple
  4947 | Temple   | Became a worshipper of Warmaster Okawaru
  5324 | D:7      | Found a sparkling altar of Nemelex Xobeh.
  5474 | D:7      | Killed an unseen horror
  5474 | D:7      | Reached * piety under Okawaru
  5475 | D:7      | Reached skill level 7 in Long Blades
  5475 | D:7      | Reached skill level 1 in Invocations
  5773 | D:7      | Noticed a manticore
  5776 | D:7      | Noticed a manticore
  5778 | D:7      | Noticed a four-headed hydra
  5789 | D:7      | Killed a manticore
  5797 | D:7      | HP: 1/75 [manticore (3)]
  5797 | D:7      | Slain by a manticore

Illustrated notes

Levels and vault maps discovered:
D:1:      psy_arrival_whirlpool, layout_loops_ring, lexackson_kobold_supper
D:2:      wad_crossroads, layout_basic, nicolae_qazlal_style_of_elements
D:3:      layout_loops_cross, hangedman_ru_absence, gammafunk_ghost_grave,
          st_stairs_4
D:4:      layout_rooms, minitemple
D:5:      layout_cave_pools, elyvilon_altar_4, kennysheep_generic_room_11
D:6:      layout_rooms
D:7:      minmay_blocky_corners, layout_loops_corners, zin_purify,
          lemuel_coloured_pillars_altar, nemelex_xobeh_ov_fountains_minmay,
          minmay_temple_entry_glass
Temple:   nicolae_temple_great_sept

Skill      XL: |  1  2  3  4  5  6  7  8  9 |
---------------+----------------------------+-----
Long Blades    | 3 4 5 6 7 |  7.2
Armour         | 1 2 3 4 5 6 |  6.5
Dodging        | 3 4 5 |  5.4
Fighting       | 3 4 5 6 |  6.0
Invocations    | 2 |  2.1
Throwing       | |  1.7

Action                   |  1- 3 |  4- 6 |  7- 9 || total
-------------------------+-------+-------+-------++-------
Melee: Long sword        |   126 |   154 |   203 ||   483
  Use: Scroll            |     7 |     2 |     5 ||    14
       Potion            |       |       |    12 ||    12
Armor: Leather armour    |    14 |       |       ||    14
       Ring mail         |    36 |    83 |   127 ||   246
Dodge: Dodged            |   110 |   130 |   162 ||   402
       Rpst.: Long sword |    30 |    38 |    46 ||   114
